 Dungeon Crawl Stone Soup version 0.30-a0-743-gbfdf073431 (webtiles) character file.

Game seed: 1965010047623871399

2636 pascalblue the Cleaver (level 9, -22/97 HPs)
             Began as an Ogre Gladiator on Feb 6, 2023.
             Was a Believer of Cheibriados.
             Annihilated by an orc warrior
             ... wielding a +0 glaive
              (24 damage)
             ... in a bailey.
             The game lasted 00:25:09 (6859 turns).

pascalblue the Cleaver (Ogre Gladiator)             Turns: 6859, Time: 00:25:09

Health: -22/97     AC:  7    Str: 29    XL:     9   Next: 61%
Magic:  9/9        EV: 12    Int: 14    God:    Cheibriados [**....]
Gold:   378        SH:  0    Dex: 15    Spells: 8/8 levels left

rFire   . . .      SeeInvis +    s - +5 woodcutter's axe
rCold   . . .      Faith    .    (shield currently unavailable)
rNeg    . . .      Spirit   .    B - +0 steam dragon scales
rPois   .          Reflect  .    x - +1 hat
rElec   .          Harm     +    u - scarf {harm}
rCorr   .          Rampage  .    (gloves unavailable)
Will    .....                    (boots unavailable)
Stlth   ++                       (no amulet)
HPRegen 0.36/turn                z - ring of see invisible
MPRegen 0.11/turn                (no ring)

@: very slow
A: large, unfitting armour, tough skin 1
a: Renounce Religion, Bend Time


You were in a bailey.
You worshipped Cheibriados.
Cheibriados was pleased with you.
You visited 1 branch of the dungeon, and saw 7 of its levels.
You also visited: Bailey.

You collected 468 gold pieces.
You spent 90 gold pieces at shops.

Inventory:

Hand Weapons
 a - a +1 heavy war axe
 s - the +5 woodcutter's axe (weapon)
   (You found it on level 4 of the Dungeon)
Missiles
 d - 2 throwing nets (quivered)
 e - a large rock
 f - 3 boomerangs
Armour
 b - a +0 robe
 c - a +0 hat
 n - a +0 buckler
 p - a +0 cloak
 q - an orb of light
 u - a scarf of harm (worn)
 x - a +1 hat (worn)
 B - +0 steam dragon scales (worn)
Jewellery
 z - a ring of see invisible (left hand)
Wands
 l - a wand of flame (40)
 v - a wand of polymorph (6)
 w - a wand of quicksilver (7)
Scrolls
 i - 4 scrolls of identify
 j - 4 scrolls of teleportation
 y - 2 scrolls of fog
Potions
 h - a potion of mutation
 m - 4 potions of curing
 o - 2 potions of attraction
 r - a potion of degeneration
 t - a potion of flight
 A - a potion of invisibility
 C - a potion of brilliance


   Skills:
 + Level 8.5 Fighting
 * Level 9.6 Axes
 - Level 2.1 Throwing
 + Level 6.4 Dodging
 - Level 0.7 Stealth


You had 8 spell levels left.
You didn't know any spells.
Your spell library contained the following spells:

 Spells                   Type           Power      Damage    Failure   Level
 Cigotuvi's Dreadful Rot  Necr/Pois/Air  0%         N/A       41%         2
 Poisonous Vapours        Pois/Air       0%         N/A       41%         2
 Dazzling Flash           Conj/Hex       0%         N/A       65%         3
 Kindle Blastsparks       Fire/Tloc/Air  0%         2d10      65%         3
 Mephitic Cloud           Conj/Pois/Air  0%         N/A       65%         3
 Iskenderun's Mystic Bla  Conj/Tloc      0%         2d3       96%         4
 Agony                    Necr           0%         N/A       100%        5
 Alistair's Intoxication  Tmut/Pois      0%         N/A       100%        5
 Silence                  Hex/Air        0%         N/A       100%        5
 Summon Forest            Summ/Tloc      0%         N/A       100%        5


Dungeon Overview and Level Annotations

Branches:
Dungeon (7/15)             Temple (0/1) D:5          Bailey (1/1)

Altars:
Ashenzari
Cheibriados
Dithmenos
Fedhas
Gozag
Hepliaklqana
Nemelex Xobeh
Sif Muna
Vehumet
Yredelemnul

Shops:
D:2 *[![   D:4 [   D:5 *


Innate Abilities, Weirdness & Mutations

You are too large for most types of armour.
You have tough skin. (AC +1)


Message History

2 orc warriors come into view.
Found a gate leading back out of this place.
An orc warrior comes into view. It is wielding a +0 halberd.
There is an open door here.
The orc warrior shouts!
The orc warrior hits you from afar with a +0 spear!
The orc warrior hits you from afar with a +0 spear.
The orc warrior closely misses you.
The orc warrior hits you with a +0 spear.
The orc warrior hits you from afar with a +0 halberd!
The orc warrior hits you with a +0 spear!
You hit the orc warrior.
The orc warrior is lightly wounded.
The orc warrior hits you from afar with a +0 halberd.
The orc warrior closely misses you.
You slice the orc warrior!!
You kill the orc warrior!
Cheibriados appreciates the change of pace.
The orc warrior barely misses you. x2
The orc warrior hits you with a +0 halberd!
The orc warrior completely misses you.
Things that are here:
a +0 spear; a +0 chain mail; an orc corpse You slice the orc warrior!!
The orc warrior is severely wounded.
You barely miss the orc warrior.
The orc warrior hits you with a +0 halberd.
The orc warrior barely misses you.
You hit the orc warrior.
The orc warrior is almost dead.
You hit the orc warrior. The orc warrior barely misses you.
The orc warrior hits you with a +0 glaive!
* * * LOW HITPOINT WARNING * * *
You closely miss the orc warrior.
The orc warrior is almost dead.
You hit the orc warrior but do no damage.
The orc warrior hits you with a +0 halberd!
* * * LOW HITPOINT WARNING * * *
The orc warrior hits you with a +0 glaive!!
You die...

.).....~~..## ##..~~..........#
~~~~~~~~..## ##..~~~~~~~~)~.#
.........## ##..........~.#
#############+#############.~.#
##.$$$.# .........#+.....##.~.#
.##.$.# .≈≈≈.§§≈..##...##..~.#
..##.## ≈≈.....≈≈..##.##..)~.#
~..#+# ≈...⌠.o.§≈..#+#..~~.##
~..# ...⌠∩⌠o@....# #..~~.∩#
..## ≈≈.....≈≈..## ##..)~.# .##
.≈≈≈≈≈≈≈..## ##..~.# ##
.........## ##.~.#
#############+###'#########.~.#
.........##.....##.).).....)~.#
~~~~~~~~..##.∩.##..~~~~~~~~~~.#
.......~)..## ##..~~..........#
######..~~..###..~~..##########


You could see 2 orc warriors.

Vanquished Creatures
  Joseph (D:7)
  A wyvern (D:6)
  2 steam dragons (D:6)
  Duvessa (D:4)
  5 orc warriors (Bailey)
  3 ice beasts
  A sky beast (D:6)
  2 ogres
  A phantom (D:6)
  2 bullfrogs (D:6)
  A scorpion (D:6)
  Dowan (D:4)
  A howler monkey (D:6)
  4 hounds
  3 orc priests
  2 iguanas (D:6)
  Robin (D:2)
  7 adders
  A shadow imp (D:5)
  A white imp (D:5)
  A worm (D:2)
  A dart slug (D:1)
  19 orcs
  3 endoplasms
  2 giant cockroaches
  17 goblins
  8 hobgoblins
  6 kobolds
  4 quokkas
  4 ball pythons
  9 bats
  A frilled lizard (D:1)
  7 rats
123 creatures vanquished.

Vanquished Creatures (others)
  5 toadstools (D:1)
5 creatures vanquished.

Grand Total: 128 creatures vanquished

Notes
Turn   | Place    | Note
-------+----------+-------------------------------------------
     0 | D:1      | pascalblue the Ogre Gladiator began the quest for the Orb.
     0 | D:1      | Reached XP level 1. HP: 22/22 MP: 1/1
   329 | D:1      | Reached XP level 2. HP: 23/29 MP: 2/2
  1051 | D:2      | Found Pele's Armour Emporium.
  1117 | D:2      | Reached XP level 3. HP: 37/37 MP: 3/3
  1118 | D:2      | Found Urevuptue's Distillery.
  1262 | D:2      | Found Gyfejyuw's Antique Armour Emporium.
  1294 | D:2      | Noticed Robin
  1487 | D:2      | Killed Robin
  1488 | D:2      | Reached XP level 4. HP: 45/45 MP: 4/4
  1488 | D:2      | Found Okhlicwe's Assorted Antiques.
  1566 | D:2      | Reached skill level 4 in Axes
  2385 | D:3      | Found a snail-covered altar of Cheibriados.
  2386 | D:3      | Found a shimmering blue altar of Sif Muna.
  2425 | D:3      | Became a worshipper of Cheibriados the Contemplative
  2534 | D:3      | Found a broken altar of Ashenzari.
  2585 | D:3      | Found a shadowy altar of Dithmenos.
  2993 | D:4      | Found the +5 woodcutter's axe
  3078 | D:4      | Found Veplidu's Armour Emporium.
  3087 | D:4      | Bought a scarf of harm for 90 gold pieces
  3129 | D:4      | Reached XP level 5. HP: 53/54 MP: 5/5
  3207 | D:4      | Noticed an ogre
  3213 | D:4      | Killed an ogre
  3214 | D:4      | Reached skill level 5 in Axes
  3214 | D:4      | Reached XP level 6. HP: 32/62 MP: 6/6
  3512 | D:4      | Noticed Duvessa
  3515 | D:4      | Noticed Dowan
  3518 | D:4      | Killed Duvessa
  3529 | D:4      | Killed Dowan
  3692 | D:5      | Entered Level 5 of the Dungeon
  3747 | D:5      | Noticed an ice beast
  3760 | D:5      | Killed an ice beast
  3761 | D:5      | Reached skill level 5 in Fighting
  3761 | D:5      | Reached skill level 6 in Axes
  3761 | D:5      | Reached XP level 7. HP: 40/72 MP: 7/7
  3863 | D:5      | Found an opulent altar of Gozag.
  3863 | D:5      | Found Gozag's Platinum Reserve.
  3928 | D:5      | Found a hazy altar of Hepliaklqana.
  3929 | D:5      | Found a blossoming altar of Fedhas.
  3930 | D:5      | Found a basalt altar of Yredelemnul.
  3931 | D:5      | Found a radiant altar of Vehumet.
  4264 | D:5      | Found a staircase to the Ecumenical Temple.
  4369 | D:5      | Reached * piety under Cheibriados
  5059 | D:6      | Noticed a steam dragon
  5063 | D:6      | Killed a steam dragon
  5064 | D:6      | Reached XP level 8. HP: 83/83 MP: 8/8
  5107 | D:6      | Reached skill level 7 in Axes
  5237 | D:6      | Reached skill level 5 in Dodging
  5494 | D:6      | Found a sparkling altar of Nemelex Xobeh.
  5550 | D:6      | Noticed a wyvern
  5557 | D:6      | Killed a wyvern
  5558 | D:6      | Reached skill level 8 in Axes
  5863 | D:6      | Reached XP level 9. HP: 74/93 MP: 9/9
  6187 | D:7      | Got the Discourse on Blinking Contamination
  6242 | D:7      | Found a flagged portal.
  6244 | D:7      | Noticed Joseph
  6257 | D:7      | Killed Joseph
  6257 | D:7      | Reached ** piety under Cheibriados
  6258 | D:7      | Reached skill level 9 in Axes
  6305 | Bailey   | Entered a bailey
  6859 | Bailey   | HP: 2/97 [orc warrior/+0 halberd (19)]
  6859 | Bailey   | Annihilated by an orc warrior

Illustrated notes

Levels and vault maps discovered:
D:1:      ldierk_walled_garden, layout_loops_ring
D:2:      layout_rooms, serial_shops, nicolae_shop_stone,
          nicolae_shop_behind_doors, nicolae_diamond_shop, shop,
          minmay_joined_circles, uniq_robin
D:3:      layout_basic, amcnicky_altar_gilded, nicolae_overflow_squiral,
          nicolae_dithmenos_shadow_blocks, minmay_misc_feat_more_columns
D:4:      layout_basic, serial_shops, nicolae_diamond_shop, uniq_duvessa
D:5:      layout_basic, mainiacjoe_overflow_alcove_3,
          nicolae_gozag_zags_fifth_avenue,
          minmay_temple_entry_statues_fountains, minmay_door_square
D:6:      layout_gridville, mainiacjoe_overflow_six_doors_small,
          minmay_misc_feat_square, minmay_fountain_box
D:7:      layout_basic, grunt_temple_overflow_order_and_chaos_1, enter_bailey_5,
          minivault_23, serial_bayou_pond_e, uniq_joseph
Bailey:   bailey_polearm_1, bailey

Skill      XL: |  1  2  3  4  5  6  7  8  9 |
---------------+----------------------------+-----
Dodging        | 3 4 5 6 |  6.4
Fighting       | 3 4 5 7 8 |  8.5
Axes           | 4 5 6 8 9 |  9.6
Throwing       | |  2.1
Stealth        | |  0.7

Action                     |  1- 3 |  4- 6 |  7- 9 || total
---------------------------+-------+-------+-------++-------
  Melee: War axe           |   106 |    50 |       ||   156
         Punch             |     2 |       |       ||     2
         Battleaxe         |       |    33 |   129 ||   162
         Unarmed           |       |     7 |       ||     7
  Throw: Throwing net      |     2 |       |       ||     2
    Use: Scroll            |     8 |    10 |     2 ||    20
         Potion            |     1 |     2 |     2 ||     5
   Stab: Sleeping          |     1 |       |       ||     1
 Armour: Robe              |    56 |    20 |     6 ||    82
         Steam dragon scal |       |       |    45 ||    45
  Dodge: Dodged            |    94 |    33 |    87 ||   214

Table legend: (Time is in decaauts)
 A = Elapsed time spent in this place.
 B = Non-inter-level travel time spent in this place.
 C = Inter-level travel time spent in this place.
 D = Time resting spent in this place.
 E = Time spent auto-exploring this place.
 F = Levels seen in this place.
 G = Mean time per level.
                   A        B        C        D        E       F      G
               +--------+--------+--------+--------+--------+-----+--------+
         Total |   7937 |   7784 |    153 |    771 |   5433 |   8 |  992.1 |
       Dungeon |   7291 |   7138 |    153 |    549 |   5298 |   7 | 1041.6 |
        Bailey |    646 |    646 |      0 |    222 |    135 |   1 |  646.0 |
               +--------+--------+--------+--------+--------+-----+--------+

Top non-repeatable levels by time:
     D:6: 1610 daAuts
     D:5: 1461 daAuts
     D:1: 1225 daAuts
     D:2: 1103 daAuts
     D:4: 975 daAuts
     D:3: 752 daAuts
  Bailey: 646 daAuts
     D:7: 163 daAuts
